 Dungeon Crawl Stone Soup version 0.23.2-1-ga50397a (webtiles) character file.

Game seed: 3811609489125158640

10568 MrFamous the Grappler (level 11, -2/120 HPs)
             Began as a Troll Berserker on Apr 19, 2019.
             Was a High Priest of Trog.
             Slain by a six-headed hydra (6 damage)
             ... on level 2 of the Lair of Beasts.
             The game lasted 00:18:59 (9144 turns).

MrFamous the Grappler (Troll Berserker)             Turns: 9144, Time: 00:18:59

Health: -2/120     AC: 10    Str: 27    XL:     11   Next: 37%
Magic:  10/10      EV: 10    Int:  3    God:    Trog [*****.]
Gold:   356        SH:  0    Dex: 12    Spells: 10/10 levels left

rFire    . . .     SeeInvis .     - Unarmed
rCold    . . .     Gourm    +   (no shield)
rNeg     . . .     Faith    .   a - +1 animal skin
rPois    .         Spirit   .   (helmet restricted)
rElec    .         Reflect  .   C - +2 cloak
rCorr    .         Harm     .   (gloves unavailable)
MR       .....                  (boots unavailable)
Stlth    ++........             (no amulet)
HPRegen  0.70/turn              w - ring of stealth
MPRegen  0.12/turn              (no ring)

@: no status effects
A: large, unfitting armour, claws 3, fast metabolism 3, gourmand, regeneration
1, shaggy fur 1, tough skin 3
a: Berserk, Trog's Hand, Brothers in Arms, Renounce Religion


You were on level 2 of the Lair of Beasts.
You worshipped Trog.
Trog was extremely pleased with you.
You were not hungry.

You visited 2 branches of the dungeon, and saw 13 of its levels.
You also visited: Ossuary.

You collected 570 gold pieces.
You spent 214 gold pieces at shops.

Inventory:

Hand Weapons
 E - a +0 dire flail of protection
Missiles
 j - 4 silver tomahawks (quivered)
Armour
 a - a +1 animal skin (worn)
 C - a +2 cloak (worn)
Jewellery
 w - a ring of stealth (left claw)
Wands
 b - a wand of flame (16)
 p - a wand of polymorph (14)
 y - a wand of disintegration (7)
 B - a wand of iceblast (8)
Scrolls
 c - 4 scrolls of remove curse
 e - a scroll of identify
 f - a scroll of enchant weapon
 q - 2 scrolls of teleportation
 s - a scroll of fear
 A - a scroll of noise {unknown}
Potions
 d - 3 potions of flight
 g - 5 potions of curing
 h - 3 potions of ambrosia
 i - 2 potions of mutation
 l - a potion of resistance
 m - 2 potions of lignification
 n - a potion of invisibility
 o - a potion of berserk rage
 r - a potion of brilliance
 t - 2 potions of agility
 z - a potion of magic
 D - 3 potions of might
Comestibles
 x - a ration


   Skills:
 + Level 11.0 Fighting
 - Level 2.4 Dodging
 + Level 12.8 Unarmed Combat


You had 10 spell levels left.
You didn't know any spells.
Your spell library was empty.

Dungeon Overview and Level Annotations

Branches:
Dungeon (11/15)            Temple (0/1) D:7            Lair (1/6) D:9
    Orc: D:9-12

Altars:
Fedhas
Kikubaaqudgha
Okawaru
Ru
Sif Muna
Uskayaw
Wu Jian
Yredelemnul
Zin

Shops:
D:10 [   D:11 *


Innate Abilities, Weirdness & Mutations

You are too large for most types of armour.
You have claws for hands.
Your metabolism is lightning-fast.
You like to eat raw meat.
Your natural rate of healing is unusually fast.
You are covered in fur. (AC +1)
You have extremely tough skin. (AC +3)


Message History

You claw one of the five-headed hydra's heads off!
The four-headed hydra grows two more!
You mangle the six-headed hydra!!
The six-headed hydra is almost dead.
The six-headed hydra bites you. The six-headed hydra bites you!
* * * LOW HITPOINT WARNING * * *
The six-headed hydra barely misses you. The six-headed hydra bites you!
* * * LOW HITPOINT WARNING * * *
The six-headed hydra bites you.
* * * LOW HITPOINT WARNING * * *
The six-headed hydra closely misses you.
As you read the scroll of fear, it crumbles to dust.
You assume a fearsome visage.
The six-headed hydra resists with some effort.
The six-headed hydra bites you!
* * * LOW HITPOINT WARNING * * *
The six-headed hydra bites you.
* * * LOW HITPOINT WARNING * * *
The six-headed hydra closely misses you. x2
The six-headed hydra bites you.
You die...

.. #? .. .
##.## ##.#.##
#
.####.....##.#
........@#..
#.#....#D##
##......#
#.#........
####.###... ##
#... .<# <#


You could see a six-headed hydra.

Vanquished Creatures
  A two-headed ogre (D:8)
  An unseen horror (D:11)
  An ugly thing (D:10)
  A manticore (D:11)
  Joseph (D:7)
  2 molten gargoyles (D:11)
  A spiny frog (Lair:1)
  A hornet (D:8)
  A hippogriff (D:9)
  Sigmund (D:6)
  6 yaks (D:10)
  Eustachio (D:5)
  Menkaure (D:6)
  Duvessa (D:6)
  2 water moccasins
  An ice beast (D:6)
  A hornet zombie (D:5)
  2 black bears (D:10)
  4 phantoms
  2 sky beasts
  3 orc warriors
  5 ogres
  A necrophage (D:8)
  4 centaurs
  A crocodile (D:8)
  An elf zombie (Ossuary)
  8 bullfrogs
  A gnoll sergeant (D:9)
  Dowan (D:6)
  3 scorpions
  7 killer bees
  4 wights (D:10)
  A howler monkey (D:5)
  5 lava snakes (D:11)
  2 bullfrog zombies
  4 crimson imps
  A quasit (D:10)
  2 human zombies (Ossuary)
  A gnoll shaman (D:6)
  4 hounds
  3 orc priests
  A bullfrog skeleton (D:7)
  6 jellies
  A centaur skeleton (D:4)
  8 orc wizards
  13 worker ants
  3 big kobold zombies (Ossuary)
  A hound zombie (Ossuary)
  2 hound skeletons
  3 mummies (Ossuary)
  2 howler monkey skeletons
  5 adders
  9 gnolls
  A shadow imp (D:10)
  2 oozes
  2 adder skeletons
  3 adder zombies (Ossuary)
  A worm (D:4)
  2 dart slugs
  2 leopard geckos
  35 orcs
  3 ball pythons
  8 giant cockroaches
  A gnoll zombie (Ossuary)
  8 goblins
  4 hobgoblins
  6 jackals
  6 kobolds
  5 quokkas
  4 bats
  3 frilled lizards
  A giant cockroach zombie (D:6)
  5 goblin zombies (Ossuary)
  3 hobgoblin zombies (Ossuary)
  3 jackal zombies (Ossuary)
  2 kobold zombies (Ossuary)
  2 orc zombies (Ossuary)
  2 quokka skeletons
  3 quokka zombies
  3 rats
  3 rat zombies (Ossuary)
271 creatures vanquished.

Vanquished Creatures (collateral kills)
  A wyvern (D:6)
  A water moccasin zombie (D:6)
  A hound (D:6)
3 creatures vanquished.

Grand Total: 274 creatures vanquished

Notes
Turn   | Place    | Note
-------+----------+-------------------------------------------
     0 | D:1      | MrFamous the Troll Berserker began the quest for the Orb.
     0 | D:1      | Reached XP level 1. HP: 22/22 MP: 0/0
   154 | D:1      | Reached XP level 2. HP: 29/29 MP: 1/1
   659 | D:2      | Reached XP level 3. HP: 37/37 MP: 2/2
   733 | D:2      | Reached ** piety under Trog
  1200 | D:3      | Found an iron altar of Okawaru.
  1216 | D:3      | Reached skill level 4 in Unarmed Combat
  1267 | D:3      | Reached XP level 4. HP: 45/45 MP: 3/3
  1392 | D:3      | Found a sacrificial altar of Ru.
  2146 | D:4      | Noticed a phantom
  2211 | D:4      | Reached XP level 5. HP: 50/54 MP: 4/4
  2281 | D:4      | Reached *** piety under Trog
  2281 | D:4      | Reached skill level 5 in Unarmed Combat
  2331 | D:4      | Reached XP level 6. HP: 44/62 MP: 5/5
  2739 | D:4      | Reached skill level 6 in Unarmed Combat
  2826 | D:4      | Found a hide-covered altar of Uskayaw.
  2830 | D:4      | Reached skill level 5 in Fighting
  2830 | D:4      | Reached XP level 7. HP: 69/72 MP: 6/6
  2831 | D:4      | Noticed a +0 dagger
  2831 | D:4      | Noticed a +0 dagger
  2984 | D:5      | Entered Level 5 of the Dungeon
  3017 | D:5      | Noticed Eustachio
  3039 | D:5      | Killed Eustachio
  3168 | D:5      | Found an ornate altar of the Wu Jian Council.
  3168 | D:5      | Found a deep blue altar of Sif Muna.
  3170 | D:5      | Found a glowing silver altar of Zin.
  3229 | D:5      | Reached skill level 7 in Unarmed Combat
  3295 | D:5      | Reached XP level 8. HP: 79/83 MP: 7/7
  3362 | D:5      | Found a blossoming altar of Fedhas.
  3377 | D:5      | Found a blossoming altar of Fedhas.
  3380 | D:5      | Found an ancient bone altar of Kikubaaqudgha.
  3801 | D:6      | Reached **** piety under Trog
  3931 | D:6      | Reached skill level 8 in Unarmed Combat
  4007 | D:6      | Reached XP level 9. HP: 73/93 MP: 8/8
  4017 | D:6      | HP: 3/93 [wyvern (10)]
  4017 | D:6      | Reached skill level 9 in Unarmed Combat
  4129 | D:6      | Noticed Sigmund
  4142 | D:6      | Noticed Menkaure
  4143 | D:6      | Killed Sigmund
  4151 | D:6      | Killed Menkaure
  4317 | D:6      | Found a sand-covered staircase.
  4320 | D:6      | Noticed Duvessa
  4321 | D:6      | Noticed Dowan
  4326 | Ossuary  | Entered an ossuary
  4491 | Ossuary  | Reached ***** piety under Trog
  4565 | Ossuary  | Received a gift from Trog
  4680 | D:6      | Reached skill level 10 in Unarmed Combat
  4682 | D:6      | Killed Duvessa
  4689 | D:6      | Killed Dowan
  5113 | D:7      | Found a staircase to the Ecumenical Temple.
  5159 | D:7      | Noticed Joseph
  5176 | D:7      | Killed Joseph
  5176 | D:7      | Reached XP level 10. HP: 26/107 MP: 9/9
  5396 | D:7      | Found the +0 pair of fencer's gloves {Riposte Dex+3}
  5529 | D:7      | Received a gift from Trog
  5750 | D:8      | Found a basalt altar of Yredelemnul.
  5814 | D:8      | Found the +8 demon trident "Rift" {distort, reach+}
  5814 | D:8      | Noticed a manticore
  5836 | D:8      | Noticed a two-headed ogre
  5849 | D:8      | Killed a two-headed ogre
  5849 | D:8      | Reached skill level 11 in Unarmed Combat
  6081 | D:8      | Found an ancient bone altar of Kikubaaqudgha.
  6192 | D:8      | Paralysed by a hornet for 2 turns
  6391 | D:8      | Noticed a green ugly thing
  6391 | D:8      | Noticed a two-headed ogre
  6813 | D:9      | Found a staircase to the Lair.
  7280 | D:10     | Entered Level 10 of the Dungeon
  7296 | D:10     | Reached skill level 10 in Fighting
  7535 | D:10     | Reached skill level 12 in Unarmed Combat
  7815 | D:10     | Found Boosch's Armour Shoppe.
  7825 | D:10     | Reached XP level 11. HP: 98/119 MP: 10/10
  7832 | D:10     | Bought a +2 cloak for 214 gold pieces
  8394 | D:11     | Found Umideph's General Store.
  8394 | D:11     | Noticed a green ugly thing
  8412 | D:10     | Killed a green ugly thing
  8844 | D:11     | Killed an unseen horror
  9052 | Lair:1   | Entered Level 1 of the Lair of Beasts
  9068 | Lair:1   | You fall through a shaft!
  9069 | Lair:2   | Noticed a four-headed hydra
  9144 | Lair:2   | HP: 5/120 [six-headed hydra (13)]
  9144 | Lair:2   | Slain by a six-headed hydra

Skill      XL: |  1  2  3  4  5  6  7  8  9 10 11 |
---------------+----------------------------------+-----
Fighting       | 3 4 5 6 7 9 10 11 | 11.0
Unarmed Combat | 4 5 6 7 8 10 12 | 12.8
Dodging        | |  2.4

Action                   |  1- 3 |  4- 6 |  7- 9 | 10-12 || total
-------------------------+-------+-------+-------+-------++-------
Melee: Unarmed           |    83 |   105 |   357 |   258 ||   803
       Punch             |       |     4 |    16 |    18 ||    38
Invok: Berserk           |     1 |       |     4 |     3 ||     8
       Brothers in Arms  |       |       |     1 |     1 ||     2
  Use: Scroll            |     1 |     4 |     8 |     9 ||    22
       Potion            |       |       |     6 |     2 ||     8
 Stab: Sleeping          |     1 |     1 |     2 |     5 ||     9
  Eat: Ration            |     3 |     2 |     5 |     8 ||    18
       Chunk             |       |     8 |     6 |    17 ||    31
Armor: Animal skin       |    40 |    29 |   105 |   108 ||   282
Dodge: Dodged            |    61 |    43 |   170 |   117 ||   391
